AoeStats
← cobanizer

Pilgrims

510231174Analyzed
4v4 RM · 2d ago on Sep 30, 2026· 59m 45s· 8 players
Game mode
Random Map
Map size
Large (8 player)
Population
200
Speed
Normal
Resources
Standard
Victory
Conquest
Starting age
Dark Age
Ending age
Imperial Age
RankedLock teamsTeams togetherTeam positionsShared explorationLock speedFull tech treeHidden civsTurbo modeCheats
Victory
Defeat
🇺🇸 Huns · United States
1198
+15
🇺🇸 Maya · United States
1104
+19
🇺🇸 Dravidians · United States
1099
+19
🇺🇸 Vietnamese · United States
1084
+20
🇺🇸 Vikings · United States
1218
-21
🇺🇸 Huns · United States
1179
-19
🇩🇪 Malay · Germany
1146
-17
🇦🇷 Italians · Argentina
1127
-16
Angelo
4:11 Loom
13:19 Feudal Age
18:10 Double-Bit Axe
18:16 Gold Mining
18:20 Stone Mining
21:11 Castle Age
19:25 Fletching
19:36 Padded Archer Armor
24:07 Bodkin Arrow
23:50 Elite Skirmisher
27:38 Imperial Age
27:19 Clinker Construction
27:21 Careening
28:03 Leather Archer Armor
28:38 Crossbowman
30:00 Bracer
40:30 Ring Archer Armor
39:45 Arbalester
46:21 Chemistry
45:42 Ballistics
53:10 Bogsveigar
53:31 Conscription
54:32 Pikeman
55:14 Scale Mail Armor
我有低保我先上
6:59 Loom
13:12 Feudal Age
17:40 Castle Age
15:52 Fishing Lines
15:58 Fishing Lines
16:12 Double-Bit Axe
16:09 Horse Collar
17:45 Gold Mining
22:43 Gillnets
23:43 Scale Barding Armor
23:49 Forging
25:26 Chain Barding Armor
27:48 Imperial Age
26:49 Wheelbarrow
26:26 Bow Saw
26:17 Heavy Plow
26:53 Gold Shaft Mining
27:40 Bloodlines
27:31 Husbandry
28:07 Iron Casting
29:07 Elite Tarkan
30:08 Conscription
29:49 Marauders
33:18 Plate Barding Armor
33:44 Blast Furnace
34:20 Two-Man Saw
34:52 Hand Cart
39:57 Stone Mining
41:21 Fletching
46:22 Squires
45:43 Pikeman
46:25 Scale Mail Armor
46:21 Bodkin Arrow
51:21 Halberdier
52:17 Chain Mail Armor
52:03 Bracer
cobanizer
11:09 Loom
12:57 Feudal Age
19:10 Castle Age
17:02 Double-Bit Axe
18:37 Scale Barding Armor
19:08 Husbandry
niquito0912
9:22 Loom
11:19 Feudal Age
12:39 Double-Bit Axe
13:15 Fletching
21:57 Castle Age
Cumstain
3:34 Loom
11:26 Feudal Age
13:13 Double-Bit Axe
15:56 Castle Age
15:15 Fletching
17:05 Crossbowman
19:34 Bow Saw
22:22 Thumb Ring
26:16 Wheelbarrow
25:40 Bodkin Arrow
26:30 Horse Collar
27:19 Padded Archer Armor
28:43 Heavy Plow
29:40 Hand Cart
31:41 Fishing Lines
32:30 Gold Mining
32:32 Stone Mining
36:25 Imperial Age
34:29 Pikeman
35:10 Squires
39:03 Imperial Age
41:13 Forging
43:36 Murder Holes
43:51 Fortified Wall
46:21 Crop Rotation
47:04 Iron Casting
46:29 Scale Mail Armor
47:58 Clinker Construction
47:20 Halberdier
48:16 Arson
48:27 Treadmill Crane
49:50 Blast Furnace
48:34 Capped Ram
50:05 Masonry
50:02 Scale Mail Armor
50:45 Hoardings
49:39 Siege Ram
52:06 Chain Mail Armor
52:58 Conscription
53:16 Man-at-Arms
54:35 Plate Mail Armor
54:38 Architecture
55:37 Chemistry
58:35 Spies/Treason
Codeblue
11:46 Feudal Age
14:03 Fishing Lines
14:26 Double-Bit Axe
18:55 Gold Mining
21:31 Castle Age
19:27 Fletching
21:19 Wheelbarrow
20:29 Loom
22:28 Medium Warships
22:10 Gillnets
24:48 Bodkin Arrow
25:50 Town Watch
28:49 Hand Cart
32:28 Imperial Age
31:59 Stone Mining
34:23 Chemistry
33:45 Ballistics
36:02 Murder Holes
38:09 Pikeman
38:50 Squires
38:36 Gambesons
38:51 Halberdier
39:36 Scale Mail Armor
39:46 Forging
40:32 Bow Saw
46:21 Town Patrol
46:24 Bracer
47:00 Iron Casting
46:41 Chain Mail Armor
46:51 Conscription
46:55 Wootz Steel
49:48 Two-Man Saw
55:10 Arrowslits
55:46 Bombard Tower
55:37 Masonry
59:40 Blast Furnace
59:10 Plate Mail Armor
WiilllChRisISTOXXIC
10:06 Feudal Age
10:53 Double-Bit Axe
11:31 Fishing Lines
12:25 Bloodlines
14:34 Scale Barding Armor
15:31 Forging
21:23 Castle Age
19:32 Horse Collar
22:06 Gillnets
23:42 Gold Mining
27:51 Pikeman
32:59 Heavy Plow
34:03 Wheelbarrow
36:05 Stone Mining
37:05 Hand Cart
39:46 Squires
43:07 Iron Casting
42:33 Scale Mail Armor
45:50 Arson
47:44 Loom
50:42 Imperial Age
51:04 Halberdier
52:08 Elite Fire Lancer
chicken
11:57 Feudal Age
13:22 Double-Bit Axe
14:25 Loom
17:28 Castle Age
15:52 Horse Collar
17:33 Gold Mining
18:31 Scale Barding Armor
23:26 Forging
25:02 Wheelbarrow
26:32 Bloodlines
26:23 Husbandry
27:15 Hand Cart
27:40 Chain Barding Armor
33:19 Imperial Age
32:45 Bow Saw
32:52 Heavy Plow
33:44 Iron Casting
34:37 Conscription
33:37 Elite Tarkan
35:14 Marauders
36:18 Plate Barding Armor
36:44 Blast Furnace
45:49 Light Cavalry
48:06 Guilds
50:05 Hussar
52:01 Stone Mining
52:09 Capped Ram
53:32 Siege Ram
57:20 Gold Shaft Mining
57:46 Cavalier
58:06 Cavalier
58:59 Paladin
Connection lost

Rejoining the realm…

Still unreachable

The connection could not be restored.

Session expired

The server has moved on; the page needs a fresh start.